 Dungeon Crawl Stone Soup version 0.29-a0-464-g50448035db (webtiles) character file.

Game seed: 14856064287195299327

23909 Bruhh the Fighter (level 13, -33/140 HPs)
             Began as an Ogre Fighter on May 20, 2022.
             Was a High Priest of Okawaru.
             Annihilated by Rupert
             ... wielding a +3 triple sword of protection
              (45 damage)
             ... on level 4 of the Lair of Beasts.
             The game lasted 00:28:23 (14986 turns).

Bruhh the Fighter (Ogre Fighter)                   Turns: 14986, Time: 00:28:24

Health: -33/140    AC:  7    Str: 25    XL:     13   Next: 9%
Magic:  20/20      EV: 13    Int: 12    God:    Okawaru [*****.]
Gold:   733        SH: 10    Dex: 14    Spells: 12/12 levels left

rFire   x . .      SeeInvis .   L - +0 war axe (venom)
rCold   + . .      Faith    .   c - +0 kite shield
rNeg    + . .      Spirit   .   o - +0 troll leather armour
rPois   +          Reflect  .   W - +0 hat {Stlth+}
rElec   .          Harm     .   y - +0 cloak
rCorr   +          Rampage  .   (gloves unavailable)
Will    +....                   (boots unavailable)
Stlth   ++........              n - amulet of regeneration
HPRegen 1.93/turn               J - ring of poison resistance
MPRegen 0.17/turn               z - ring of Gixetulung {Ice rN+ rCorr Int+3 Dex+4}

@: unable to read
A: large, unfitting armour, tough skin 1, antennae 1, inability to read while
threatened
a: Renounce Religion, Heroism, Finesse, Duel


You were on level 4 of the Lair of Beasts.
You worshipped Okawaru.
Okawaru was extremely pleased with you.
You visited 3 branches of the dungeon, and saw 15 of its levels.

You collected 733 gold pieces.

Inventory:

Hand Weapons
 a - a +0 war axe
 d - a +3 hand axe
 f - a +2 short sword of venom
 L - a +0 war axe of venom (weapon)
Missiles
 x - 2 large rocks (quivered)
 F - a throwing net
Armour
 b - a +0 robe
 c - a +0 kite shield (worn)
 o - a +0 troll leather armour (worn)
 r - the +1 robe "Bowuywk" {rElec rCorr Str+4 Int-4}
   (You found it on level 2 of the Dungeon)

   Str:       It affects your strength (+4).
   Int:       It affects your intelligence (-4).
   rElec:     It insulates you from electricity.
   rCorr:     It protects you from acid and corrosion.
 y - a +0 cloak (worn)
 W - a +0 hat of stealth (worn)
Jewellery
 g - a ring of magical power
 i - a ring of wizardry
 n - an amulet of regeneration (around neck)
 z - the ring of Gixetulung (right hand) {Ice rN+ rCorr Int+3 Dex+4}
   (You found it on level 5 of the Dungeon)

   [ring of ice]

   It enhances your ice magic.
   Int:       It affects your intelligence (+3).
   Dex:       It affects your dexterity (+4).
   rF:        It makes you vulnerable to fire.
   rC:        It protects you from cold.
   rN:        It protects you from negative energy.
   rCorr:     It protects you from acid and corrosion.
 I - an amulet of faith
 J - a ring of poison resistance (left hand)
 T - a +4 ring of protection
Wands
 j - a wand of flame (26)
 N - a wand of polymorph (2)
 Q - a wand of digging (2)
Scrolls
 h - a scroll of brand weapon {unknown}
 k - a scroll of vulnerability
 p - 2 scrolls of enchant weapon
 t - 2 scrolls of amnesia
 v - 2 scrolls of noise
 E - 4 scrolls of teleportation
 G - 2 scrolls of blinking
 H - a scroll of fear
 K - a scroll of poison
 M - 3 scrolls of fog
 U - a scroll of silence
Potions
 e - a potion of magic
 l - a potion of cancellation
 m - 4 potions of degeneration
 q - 4 potions of heal wounds
 s - a potion of resistance
 u - a potion of berserk rage
 B - a potion of haste
 C - a potion of ambrosia
 D - a potion of invisibility
 O - a potion of brilliance
 R - 2 potions of might
 S - a potion of curing


   Skills:
 - Level 12.0 Fighting
 + Level 11.5 Axes
 - Level 5.5 Armour
 - Level 10.0 Dodging
 + Level 7.1 Shields
 - Level 10.0 Invocations


You had 12 spell levels left.
You didn't know any spells.
Your spell library contained the following spells:

 Spells                   Type           Power      Damage    Failure   Level
 Ensorcelled Hibernation  Hex/Ice        0%         N/A       75%         2
 Sublimation of Blood     Necr           0%         N/A       75%         2
 Wereblood                Tmut           0%         N/A       75%         2
 Gell's Gravitas          Tloc           0%         N/A       93%         3
 Lesser Beckoning         Tloc           0%         N/A       93%         3
 Ozocubu's Armour         Ice            0%         N/A       93%         3
 Spider Form              Tmut/Pois      0%         N/A       93%         3
 Teleport Other           Tloc           0%         N/A       93%         3
 Airstrike                Air            0%         N/A       100%        4
 Anguish                  Hex/Necr       0%         N/A       100%        4
 Passage of Golubria      Tloc           0%         N/A       100%        4
 Lightning Bolt           Conj/Air       0%         1d11      100%        5
 Metabolic Englaciation   Hex/Ice        0%         N/A       100%        5
 Yara's Violent Unravell  Hex/Tmut       0%         3d3       100%        5
 Dispersal                Tloc           0%         N/A       100%        6
 Disjunction              Tloc           0%         N/A       100%        8
 Tukima's Dance           Hex            Unusable   N/A       N/A         3
 Summon Lightning Spire   Summ/Air       Unusable   N/A       N/A         4
 Simulacrum               Ice/Necr       Unusable   N/A       N/A         6
 Summon Hydra             Summ           Unusable   N/A       N/A         7

Dungeon Overview and Level Annotations

Branches:
Dungeon (10/15)            Temple (1/1) D:6            Lair (4/6) D:9
 Shoals (0/4) Lair:3        Snake (0/4) Lair:4
    Orc: D:9-12

Altars:
Ashenzari
Cheibriados
Dithmenos
Elyvilon
Fedhas
Gozag
Hepliaklqana
Kikubaaqudgha
Makhleb
Nemelex Xobeh
Okawaru
Qazlal
Ru
Sif Muna
Trog
Uskayaw
Vehumet
Wu Jian
Xom
Yredelemnul
Zin
The Shining One
Jiyva

Shops:
D:1 !   D:5 [   D:9 (

Annotations:
D:7 2 transporters, flestrin's ghost, novice DrTm
Lair:1 3 runed translucent doors, MrShunz's ghost, journeyman DECj
Lair:2 3 runed translucent doors, Bruhh's ghost, journeyman OgFi
Lair:4 Rupert


Innate Abilities, Weirdness & Mutations

You are too large for most types of armour.
You have tough skin. (AC +1)
You have a pair of small antennae on your head.
You sometimes lose the ability to read scrolls when taking damage.


Message History

The bullfrog misses you.
You barely miss the bullfrog.
The bullfrog is heavily wounded.
You hit Rupert.
Rupert looks as sick as possible!
You block the bullfrog's attack.
Rupert hits you with a +3 triple sword of protection!
You block the bullfrog's attack.
You hit the bullfrog.
The bullfrog looks as sick as possible!
The bullfrog is heavily wounded.
You slash Rupert!
Rupert looks as sick as possible!
Rupert barely misses you. You block the bullfrog's attack.
You slash the bullfrog!
You kill the bullfrog!
Okawaru accepts your kill.
You hit Rupert but do no damage.
Rupert looks as sick as possible!
Rupert closely misses you.
You hit Rupert.
Rupert looks as sick as possible!
Rupert is lightly wounded.
Rupert hits you with a +3 triple sword of protection!!
You feel threatened and lose the ability to read scrolls!
You are too injured to fight recklessly!
You are too injured to fight recklessly!
You are too injured to fight recklessly!
You are too injured to fight recklessly!
You are too injured to fight recklessly!
You are too injured to fight recklessly!
Unknown command.
Okay, then.
You cannot read scrolls in your current state!
Rupert attacks as you move away!
Rupert hits you with a +3 triple sword of protection!!
Rupert roars madly and goes into a rage!
Rupert goes berserk!
You cannot read scrolls in your current state!
Okay, then.
You cannot read scrolls in your current state!
Rupert hits you with a +3 triple sword of protection!!!
* * * LOW HITPOINT WARNING * * *
Rupert hits you with a +3 triple sword of protection!!!
You die...

......# ......#
........###.......
....=..............
...........<.....)..
.>...................
.....................
.....................
............@........
...........@.........
...........###.......
##. ...........#
....... #.#.
#........### .#.....
#.. #.#.....##
###.... #...
##.P....## #...
#P..##.#......## ..
.............## #
#P..........#


You could see Rupert (berserk, extremely poisoned).

Vanquished Creatures
  A hydra (Lair:3)
  A two-headed ogre (D:9)
  A wolf spider (Lair:2)
  A deep elf pyromancer (D:9)
  An oklob plant (Lair:4)
  5 elephants
  A water nymph (Lair:3)
  3 black mambas
  A rime drake (Lair:3)
  7 cane toads
  2 kobold demonologists (D:10)
  4 komodo dragons
  A polar bear (Lair:3)
  A troll (D:10)
  4 blink frogs (Lair:4)
  6 dream sheep
  2 wyverns (D:8)
  37 yaks
  2 basilisks
  2 nagas (Lair:4)
  11 water moccasins
  An orc warrior (D:9)
  2 ice beasts
  A sky beast (D:6)
  4 black bears
  An ogre (D:5)
  A centaur (D:9)
  14 wolves
  4 kobold brigands (D:10)
  11 bullfrogs
  A scorpion (D:7)
  4 wights (D:9)
  5 killer bees (D:10)
  5 electric eels (D:9)
  13 howler monkeys
  2 hounds (D:5)
  2 jellies
  Crazy Yiuf (D:4)
  5 orc priests
  Jessica (D:3)
  4 iguanas
  9 orc wizards
  A gnoll shaman (D:7)
  Natasha (thrice) (D:4)
  Robin (D:3)
  9 gnolls
  8 adders
  A shadow imp (D:7)
  2 white imps
  An ufetubus (D:5)
  A worm (D:5)
  3 dart slugs
  38 orcs
  4 ball pythons
  8 endoplasms
  5 giant cockroaches
  4 hobgoblins
  4 jackals (D:1)
  5 quokkas
  9 bats
  8 frilled lizards
  14 goblins
  12 kobolds
  11 rats
337 creatures vanquished.

Vanquished Creatures (others)
  14 fungi
  6 plants
20 creatures vanquished.

Grand Total: 357 creatures vanquished

Notes
Turn   | Place    | Note
-------+----------+-------------------------------------------
     0 | D:1      | Bruhh the Ogre Fighter began the quest for the Orb.
     0 | D:1      | Reached XP level 1. HP: 24/24 MP: 1/1
   129 | D:1      | Found a faded altar of an unknown god.
   162 | D:1      | Reached XP level 2. HP: 25/33 MP: 2/2
   275 | D:1      | Found Vef Nowy's Distillery.
   384 | D:1      | Reached skill level 5 in Fighting
   672 | D:1      | Reached XP level 3. HP: 42/42 MP: 3/3
  1566 | D:2      | Reached skill level 6 in Fighting
  1616 | D:2      | Identified the +1 robe "Bowuywk" {rElec rCorr Str+4 Int-4}
  1692 | D:2      | Found an ancient bone altar of Kikubaaqudgha.
  1828 | D:3      | Reached XP level 4. HP: 53/53 MP: 4/4
  1862 | D:3      | Noticed Jessica
  1869 | D:3      | Killed Jessica
  1976 | D:3      | Reached skill level 7 in Fighting
  1999 | D:3      | Reached XP level 5. HP: 56/62 MP: 5/5
  2235 | D:4      | Noticed Robin
  2240 | D:4      | Noticed Natasha
  2471 | D:3      | Killed Robin
  2492 | D:4      | Killed Natasha
  2493 | D:4      | Reached skill level 8 in Fighting
  2557 | D:4      | Reached XP level 6. HP: 49/74 MP: 6/6
  2601 | D:4      | Noticed Natasha
  2613 | D:4      | Killed Natasha
  2614 | D:4      | Reached skill level 9 in Fighting
  2725 | D:4      | Noticed Natasha
  2733 | D:4      | Killed Natasha
  3350 | D:4      | Found a runed translucent door.
  3351 | D:4      | Noticed Crazy Yiuf
  3359 | D:4      | Killed Crazy Yiuf
  3364 | D:4      | Identified the +5 mace of No Interval {flame, rElec rPois}
  3452 | D:5      | Entered Level 5 of the Dungeon
  3576 | D:5      | Reached skill level 10 in Fighting
  3576 | D:5      | Reached XP level 7. HP: 68/87 MP: 7/7
  3869 | D:5      | Reached skill level 11 in Fighting
  3877 | D:5      | Identified the ring of Gixetulung {Ice rN+ rCorr Int+3
                  | Dex+4}
  3923 | D:5      | Found Xuasou Roto's Antique Armour Boutique.
  4362 | D:6      | Reached skill level 12 in Fighting
  4362 | D:6      | Reached XP level 8. HP: 76/98 MP: 8/8
  5165 | D:6      | Reached skill level 5 in Dodging
  5255 | D:6      | Found a staircase to the Ecumenical Temple.
  5307 | Temple   | Entered the Ecumenical Temple
  5395 | Temple   | Became a worshipper of Warmaster Okawaru
  5734 | D:7      | Found a transporter.
  5914 | D:7      | Identified the +2 quarterstaff "Enahugg" {pain, Will+++}
  5915 | D:7      | Noticed a gargoyle
  5916 | D:7      | Noticed a wyvern
  5944 | D:7      | Found a transporter.
  5959 | D:7      | Noticed flestrin's ghost (novice DrTm)
  6115 | D:7      | Reached XP level 9. HP: 106/106 MP: 9/9
  6285 | D:7      | Noticed a gargoyle
  7042 | D:7      | Reached * piety under Okawaru
  7676 | D:8      | Reached skill level 10 in Dodging
  7684 | D:8      | Reached skill level 1 in Invocations
  7684 | D:8      | Reached XP level 10. HP: 75/115 MP: 11/11
  7699 | D:8      | Reached ** piety under Okawaru
  8219 | D:9      | Found Dottatz's Antique Weapon Boutique.
  8248 | D:9      | Found a blossoming altar of Fedhas.
  8253 | D:9      | Found a burning altar of Makhleb.
  8254 | D:9      | Found an opulent altar of Gozag.
  8255 | D:9      | Found a glowing golden altar of the Shining One.
  8255 | D:9      | Found a white marble altar of Elyvilon.
  8255 | D:9      | Found a stormy altar of Qazlal.
  8257 | D:9      | Found an ornate altar of the Wu Jian Council.
  8477 | D:9      | Reached skill level 5 in Invocations
  8489 | D:9      | Noticed a deep elf pyromancer
  8500 | D:10     | Entered Level 10 of the Dungeon
  8869 | D:9      | Killed a deep elf pyromancer
  8987 | D:9      | Found a staircase to the Lair.
  9250 | D:9      | Reached *** piety under Okawaru
  9514 | D:9      | Noticed a two-headed ogre
  9531 | D:9      | Killed a two-headed ogre
  9541 | D:9      | Reached skill level 5 in Axes
  9865 | D:10     | Found a radiant altar of Vehumet.
 10158 | D:10     | Noticed a kobold demonologist
 10174 | D:10     | Killed a kobold demonologist
 10264 | D:10     | Reached XP level 11. HP: 12/123 MP: 17/17
 10675 | D:10     | Reached **** piety under Okawaru
 10717 | D:10     | Noticed a boulder beetle
 10777 | Lair:1   | Entered Level 1 of the Lair of Beasts
 10777 | Lair:1   | Noticed MrShunz's ghost (journeyman DECj)
 10799 | Lair:1   | HP: 6/184 [black mamba (17)]
 10804 | Lair:1   | HP: 4/184 [poisoned by a black mamba]
 10984 | Lair:1   | Found a runed translucent gate.
 10984 | Lair:1   | Found a runed translucent gate.
 10984 | Lair:1   | Found a runed translucent gate.
 11819 | Lair:2   | Reached skill level 10 in Invocations
 11925 | Lair:2   | Reached skill level 1 in Armour
 11934 | Lair:2   | Reached ***** piety under Okawaru
 12025 | Lair:2   | Noticed a wolf spider
 12037 | Lair:2   | Killed a wolf spider
 12161 | Lair:2   | Found a runed translucent gate.
 12161 | Lair:2   | Found a runed translucent gate.
 12161 | Lair:2   | Found a runed translucent gate.
 12164 | Lair:2   | Noticed a glowing orange brain
 12165 | Lair:2   | Noticed Bruhh's ghost (journeyman OgFi)
 12817 | Lair:2   | Found a viscous altar of Jiyva.
 12842 | Lair:3   | Found a staircase to the Shoals.
 12863 | Lair:3   | Reached XP level 12. HP: 91/132 MP: 19/19
 13003 | Lair:3   | Noticed an eight-headed hydra
 13132 | Lair:3   | Noticed a five-headed hydra
 13402 | Lair:3   | Reached skill level 5 in Armour
 13459 | Lair:3   | Received a gift from Okawaru
 13520 | Lair:3   | an eight-headed hydra changed into a water nymph
 13689 | Lair:3   | Killed a five-headed hydra
 14111 | Lair:3   | Gained mutation: You sometimes lose the ability to read
                  | scrolls when taking damage. [potion of mutation]
 14111 | Lair:3   | Gained mutation: You have a pair of small antennae on your
                  | head. [potion of mutation]
 14159 | Lair:4   | Reached skill level 10 in Axes
 14235 | Lair:4   | Reached skill level 5 in Shields
 14512 | Lair:4   | Found a staircase to the Snake Pit.
 14655 | Lair:4   | Reached XP level 13. HP: 139/140 MP: 20/20
 14869 | Lair:4   | Received a gift from Okawaru
 14970 | Lair:4   | Noticed Rupert
 14986 | Lair:4   | Annihilated by Rupert

Illustrated notes

Levels and vault maps discovered:
D:1:      mushboom_english_gardens, layout_basic,
          hellmonk_ecumenical_altar_dog_temple, serial_shops, shop,
          minmay_pentomino_t2
D:2:      layout_basic, basic_altar, kennysheep_generic_room_14
D:3:      layout_rooms, uniq_jessica
D:4:      layout_loops_ring, uniq_crazy_yiuf_cottage, uniq_robin, uniq_natasha
D:5:      layout_loops_cross, serial_shops, nicolae_lakefront_shop,
          grunt_decor_fettered
D:6:      layout_basic, minmay_temple_entry_enclosed_plants
D:7:      layout_gridville, nzn_ghost_randoct, minmay_misc_feat_ornament
D:8:      layout_loops_ring, chequers_serial_rivers_micro_a
D:9:      layout_basic, minitemple, serial_shops, shop,
          nicolae_concentric_dashed_squares_mild
D:10:     layout_roguey, mainiacjoe_overflow_alcove_4
Temple:   nicolae_temple_great_sept
Lair:1:   layout_concentric_octagons, gammafunk_ghost_icy
Lair:2:   layout_loops_ring, gammafunk_ghost_ooze,
          nicolae_lair_run_with_the_wolves
Lair:3:   layout_gridlike, shoals_dummy_entry, grunt_megastairs_2,
          infiniplex_staircase_pool
Lair:4:   layout_gridlike, guppyfry_snake_entry_garden,
          minmay_stone_trees_medium, beast_lair_carwin_3, uniq_rupert

Skill      XL: |  1  2  3  4  5  6  7  8  9 10 11 12 13 |
---------------+----------------------------------------+-----
Fighting       | 5 6 7 8 10 12 | 12.0
Dodging        | 6 10 | 10.0
Invocations    | 1 8 10 | 10.0
Axes           | 5 8 11 | 11.5
Armour         | 4 5 |  5.5
Shields        | 6 7 |  7.1

Action                   |  1- 3 |  4- 6 |  7- 9 | 10-12 | 13-15 || total
-------------------------+-------+-------+-------+-------+-------++-------
Melee: Short sword       |   113 |   188 |   399 |   103 |       ||   803
       War axe           |     3 |    16 |       |   489 |    36 ||   544
       Hand axe          |       |       |     8 |    62 |       ||    70
Throw: Large rock        |       |     8 |       |       |       ||     8
Invok: Heroism           |       |       |       |     5 |       ||     5
Evoke: Wand              |       |       |       |    20 |       ||    20
  Use: Potion            |       |     1 |     2 |    13 |       ||    16
       Scroll            |       |       |     5 |    13 |       ||    18
 Stab: Sleeping          |     1 |       |       |     2 |       ||     3
Armor: Robe              |    36 |    65 |   136 |    35 |       ||   272
       Troll leather arm |       |       |       |   131 |     4 ||   135
Dodge: Dodged            |    32 |    89 |   195 |   435 |    14 ||   765
Block: Kite shield       |    39 |    84 |   165 |   333 |    22 ||   643

Table legend: (Time is in decaauts)
 A = Elapsed time spent in this place.
 B = Non-inter-level travel time spent in this place.
 C = Inter-level travel time spent in this place.
 D = Time resting spent in this place.
 E = Time spent auto-exploring this place.
 F = Levels seen in this place.
 G = Mean time per level.
                   A        B        C        D        E       F      G
               +--------+--------+--------+--------+--------+-----+--------+
         Total |  15330 |  14795 |    535 |   1950 |   9342 |  15 | 1022.0 |
       Dungeon |  11106 |  10713 |    393 |   1760 |   6582 |  10 | 1110.6 |
        Temple |    111 |    111 |      0 |      0 |     71 |   1 |  111.0 |
          Lair |   4112 |   3970 |    142 |    189 |   2689 |   4 | 1028.0 |
               +--------+--------+--------+--------+--------+-----+--------+

Top non-repeatable levels by time:
     D:9: 1516 daAuts
     D:5: 1337 daAuts
  Lair:3: 1336 daAuts
    D:10: 1279 daAuts
     D:6: 1218 daAuts
  Lair:2: 1185 daAuts
     D:1: 1164 daAuts
     D:7: 1132 daAuts
     D:8: 1078 daAuts
     D:4: 1021 daAuts
  Lair:1: 894 daAuts
  Lair:4: 695 daAuts
     D:2: 683 daAuts
     D:3: 673 daAuts
  Temple: 111 daAuts
